 Dungeon Crawl Stone Soup version 0.27-a0-1193-g8631133539 (webtiles) character file.

Game seed: 11102583884064063179

163 Delamore the Cudgeller (level 5, -1/34 HPs)
             Began as a Gargoyle Fighter on May 26, 2021.
             Killed from afar by Sigmund (6 damage)
             ... with a puff of flame
             ... on level 2 of the Dungeon.
             The game lasted 00:02:03 (2514 turns).

Delamore the Cudgeller (Gargoyle Fighter)           Turns: 2514, Time: 00:02:03

Health: -1/34      AC: 13    Str: 21    XL:     5   Next: 44%
Magic:  5/5        EV:  7    Int:  8    God:
Gold:   86         SH:  9    Dex:  9    Spells: 4/4 levels left

rFire    . . .     SeeInvis .   a - +0 flail
rCold    . . .     Faith    .   c - +0 kite shield
rNeg     + . .     Spirit   .   b - +0 scale mail
rPois    ∞         Reflect  .   (no helmet)
rElec    +         Harm     .   (no cloak)
rCorr    .         Rampage  .   (no gloves)
Will     .....                  f - +1 pair of boots
Stlth    ..........             (no amulet)
HPRegen  0.11/turn              (no ring)
MPRegen  0.09/turn              (no ring)

@: no status effects
A: sickness immunity, AC +4, negative energy resistance 1, electricity
resistance, torment resistance 1, petrification resistance
a: no special abilities


You were on level 2 of the Dungeon.
You visited 1 branch of the dungeon, and saw 2 of its levels.

You collected 86 gold pieces.

Inventory:

Hand Weapons
 a - a +0 flail (weapon)
Missiles
 l - a javelin (quivered)
 o - 5 curare-tipped darts
Armour
 b - a +0 scale mail (worn)
 c - a +0 kite shield (worn)
 f - a +1 pair of boots (worn)
Scrolls
 g - a scroll of noise {unknown}
 i - a scroll of teleportation {unknown}
 j - a scroll of torment {unknown}
 k - a scroll of identify {unknown}
 q - a scroll of amnesia {unknown}
Potions
 d - a potion of might
 e - a potion of resistance {unknown}
 h - a potion of brilliance {unknown}
 m - a potion of curing
 n - a potion of berserk rage {unknown}
 p - a potion of cancellation {unknown}


   Skills:
 + Level 4.5 Fighting
 * Level 4.6 Maces & Flails
 - Level 3.2 Armour
 - Level 3.2 Shields


You had 4 spell levels left.
You didn't know any spells.
Your spell library contained the following spells:

 Spells                   Type           Power      Damage    Failure   Level
 Freeze                   Ice            0%         1d3       99%         1
 Frozen Ramparts          Ice            0%         1d2       100%        3
 Ozocubu's Armour         Ice            0%         N/A       100%        3
 Hailstorm                Conj/Ice       0%         3d3       100%        4
 Metabolic Englaciation   Hex/Ice        0%         N/A       100%        5


Dungeon Overview and Level Annotations

Branches:
Dungeon (2/15)

Altars:
Elyvilon

Annotations:
D:2 Sigmund


Innate Abilities, Weirdness & Mutations

You are immune to sickness and miasma.
Your stone body is resilient. (AC +4)
You are immune to poison.
You resist negative energy. (rN+)
You are resistant to electric shocks. (rElec)
You are resistant to unholy torment.
You are immune to petrification.


Message History

You sock Sigmund!
Sigmund is moderately wounded.
You block Sigmund's attack.
You closely miss Sigmund.
Sigmund is moderately wounded.
You block Sigmund's attack. Sigmund hits you but does no damage.
You closely miss Sigmund.
Sigmund is moderately wounded.
Sigmund hits you but does no damage.
You closely miss Sigmund.
Sigmund is moderately wounded.
Sigmund hits you with a +0 scythe!
You closely miss Sigmund.
Sigmund is moderately wounded.
Sigmund points at himself and mumbles some strange words.
Sigmund flickers and vanishes!
Deactivating autopickup; reactivate with Ctrl-A.
You hear some strange, mumbled words.
A puff of flame appears from out of thin air!
The puff of flame hits you but does no damage.
You hit something. Something hits you but does no damage.
You hit something but do no damage.
You hear some strange, mumbled words.
A puff of flame appears from out of thin air!
The puff of flame hits you but does no damage.
Something hits you.
You sock something! Something hits you.
You hit something. Something hits you but does no damage.
You miss something. Something hits you. x2
You hit something but do no damage. Something hits you.
* * * LOW HITPOINT WARNING * * *
Something hits you.
* * * LOW HITPOINT WARNING * * *
You hear some strange, mumbled words.
Something tries to affect you, but you resist.
A magic dart appears from out of thin air!
The magic dart hits you but does no damage.
A puff of flame appears from out of thin air!
The puff of flame hits you.
You die...

#...# ##.#########.)..... ###..#
#.................. #....#
#.....#............
#)##.###..##.#............
#.##......##.#............
#.........................
#.........###.#######.....
###.........###.######......
###.........>@....{.........(#
####.................######......
#.....##.##..........#### #.##..#
#........###............###.# #.#
#.........................#.# #.#
#........##....#..........#.# ..
#........##....##.#...._..#.####.
####.....#..................#....
#.....#.###.#.###........#.#..


There were no monsters in sight!

Vanquished Creatures
  Terence (D:1)
  7 gnolls
  A worm (D:2)
  A dart slug (D:2)
  3 orcs
  5 ball pythons
  4 endoplasms
  2 giant cockroaches (D:1)
  7 goblins
  4 hobgoblins
  9 jackals
  5 quokkas
  2 bats (D:2)
  A frilled lizard (D:2)
  4 kobolds
  3 rats
59 creatures vanquished.

Notes
Turn   | Place    | Note
-------+----------+-------------------------------------------
     0 | D:1      | Delamore the Gargoyle Fighter began the quest for the Orb.
     0 | D:1      | Reached XP level 1. HP: 14/14 MP: 1/1
    94 | D:1      | Reached XP level 2. HP: 17/19 MP: 2/2
   444 | D:1      | Reached XP level 3. HP: 19/24 MP: 3/3
   843 | D:2      | Noticed Terence
  1207 | D:1      | Reached XP level 4. HP: 5/29 MP: 4/4
  2056 | D:1      | Killed Terence
  2125 | D:2      | Reached XP level 5. HP: 34/34 MP: 5/5
  2318 | D:2      | Found a white marble altar of Elyvilon.
  2490 | D:2      | Noticed Sigmund
  2514 | D:2      | Killed from afar by Sigmund

Illustrated notes

Levels and vault maps discovered:
D:1:      nagdon_arrival_zigzag_paths, layout_rooms, minivault_23
D:2:      minmay_wonky_spiral, layout_basic, basic_altar, uniq_terence,
          uniq_sigmund

Skill      XL: |  1  2  3  4 |
---------------+-------------+-----
Maces & Flails | 3 4 |  4.6
Fighting       | 4 |  4.5
Armour         | |  3.2
Shields        | |  3.2

Action                   |  1- 3 |  4- 6 || total
-------------------------+-------+-------++-------
Melee: Flail             |   148 |   117 ||   265
Throw: Javelin           |       |     3 ||     3
Armor: Scale mail        |   105 |    84 ||   189
Dodge: Dodged            |    61 |    45 ||   106
Block: Kite shield       |   105 |    88 ||   193

Table legend: (Time is in decaauts)
 A = Elapsed time spent in this place.
 B = Non-inter-level travel time spent in this place.
 C = Inter-level travel time spent in this place.
 D = Time resting spent in this place.
 E = Time spent auto-exploring this place.
 F = Levels seen in this place.
 G = Mean time per level.
                   A        B        C        D        E       F      G
               +--------+--------+--------+--------+--------+-----+--------+
         Total |   2643 |   2578 |     65 |    892 |   1067 |   2 | 1321.5 |
       Dungeon |   2643 |   2578 |     65 |    892 |   1067 |   2 | 1321.5 |
               +--------+--------+--------+--------+--------+-----+--------+

Top non-repeatable levels by time:
     D:1: 1754 daAuts
     D:2: 889 daAuts
